 Dungeon Crawl Stone Soup version 0.29.1-15-g9cfb28693d (webtiles) character file.

Game seed: 4379888412597693415

68 Sharkman1231 the Stinger (level 4, 0/36 HPs)
             Began as a Naga Venom Mage on Apr 16, 2023.
             Slain by Natasha (6 damage)
             ... on level 1 of the Dungeon.
             The game lasted 00:01:34 (1374 turns).

Sharkman1231 the Stinger (Naga Venom Mage)          Turns: 1374, Time: 00:01:35

Health: 0/36       AC:  3    Str: 10    XL:     4   Next: 19%
Magic:  4/7        EV: 14    Int: 16    God:
Gold:   57         SH:  0    Dex: 13    Spells: 6/7 levels left

rFire   + . .      SeeInvis +   e - +1 dagger (drain)
rCold   + . .      Faith    .   (no shield)
rNeg    . . .      Spirit   .   a - +0 robe
rPois   +          Reflect  .   h - +0 helmet
rElec   +          Harm     .   (no cloak)
rCorr   +          Rampage  .   (no gloves)
Will    .....                   (no barding)
Stlth   ++........              (no amulet)
HPRegen 0.12/turn               g - +4 ring of evasion
MPRegen 0.10/turn               (no ring)

@: short of breath, resistant, very slow
A: AC +1, large, see invisible, deformed body, poison resistance, slowness 2,
spit poison 1, naga tail 1
a: Spit Poison


You were on level 1 of the Dungeon.
You visited 1 branch of the dungeon, and saw 2 of its levels.

You collected 57 gold pieces.

Inventory:

Hand Weapons
 e - a +1 dagger of draining (weapon)
Armour
 a - a +0 robe (worn)
 h - a +0 helmet (worn)
Magical Staves
 d - a staff of air
Jewellery
 g - a +4 ring of evasion (left hand)
Scrolls
 c - 2 scrolls of identify {unknown}
Potions
 b - a potion of magic
 f - a potion of resistance


   Skills:
 - Level 1.5 Dodging
 - Level 3.0 Stealth
 + Level 1.9 Unarmed Combat
 - Level 2.0 Spellcasting
 + Level 2.3 Transmutations
 + Level 5.0 Poison Magic


You had 6 spell levels left.
You knew the following spells:

 Your Spells              Type           Power      Damage    Failure   Level
a - Sting                 Tmut/Pois      52%        1d5       4%          1

Your spell library contained the following spells:

 Spells                   Type           Power      Damage    Failure   Level
 Poisonous Vapours        Pois/Air       18%        N/A       11%         2
 Olgreb's Toxic Radiance  Pois           17%        N/A       26%         4
 Mephitic Cloud           Conj/Pois/Air  6%         N/A       30%         3


Dungeon Overview and Level Annotations

Branches:
Dungeon (2/15)

Altars:

Annotations:
D:1 Natasha


Innate Abilities, Weirdness & Mutations

Your serpentine skin is tough. (AC +1)
You have supernaturally acute eyesight. (SInv)
Armour fits poorly on your strangely shaped body.
Your system is resistant to poisons. (rPois)
You cover ground very slowly.
You can spit poison.
You have a snake-like lower body.


Message History

Found four items.
There is a stone staircase leading up here.
Unknown command.
The sting hits Natasha.
Natasha is poisoned.
Natasha is lightly wounded.
Natasha claws you.
Unknown command.
Natasha claws you!
The adder hisses angrily.
You climb upwards.
There is a stone staircase leading down here.
Aiming: Spit Poison (1% risk of failure)
Press: ? - help, Shift-Dir - straight line, f - Natasha
Aim: Natasha (heavily wounded, poisoned, 50% to hit)
The splash of poison misses Natasha.
Natasha barely misses you.
Unknown command.
You are too injured to fight recklessly!
Casting: Sting (safe; 4% risk of failure)
Confirm with . or Enter, or press ? or * to list all spells.
Aiming: Sting (safe; 4% risk of failure)
Press: ? - help, Shift-Dir - straight line, f/p - Natasha
Aim: Natasha (heavily wounded, poisoned, 64% to hit)
The sting misses Natasha.
Natasha claws you!
* * * LOW HITPOINT WARNING * * *
Casting: Sting (safe; 4% risk of failure)
Confirm with . or Enter, or press ? or * to list all spells.
Aiming: Sting (safe; 4% risk of failure)
Press: ? - help, Shift-Dir - straight line, f/p - Natasha
Aim: Natasha (heavily wounded, poisoned, 64% to hit)
Okay, then.
Okay, then.
Casting: Sting (safe; 4% risk of failure)
Confirm with . or Enter, or press ? or * to list all spells.
Aiming: Sting (safe; 4% risk of failure)
Press: ? - help, Shift-Dir - straight line, f/p - Natasha
Aim: Natasha (heavily wounded, poisoned, 64% to hit)
The sting hits Natasha.
Natasha looks even sicker.
Natasha is severely wounded.
Natasha claws you.
You die...

#...###[....##
###.### ##...##
....#### *#.##
##.....# #.#####
*#.....# #.#...##
#...5.# #......##
#.....## #.......#
#......###......h#
###.##..##.....@.#
#.#.....†.....##
***#########......#
*8**8**8**8#......#
,,,,,,,,,,........#
,,,,,,,,,........##
,,,,,,,........(##
,,,,,,,.......###
,,,,,,,.......#


You could see Natasha (very poisoned).

Vanquished Creatures
  Natasha (twice) (D:1)
  A ball python (D:1)
  3 endoplasms (D:1)
  A goblin (D:1)
  2 hobgoblins (D:1)
  2 quokkas (D:1)
  A bat (D:1)
  A frilled lizard (D:1)
  2 kobolds (D:1)
  4 rats (D:1)
19 creatures vanquished.

Notes
Turn   | Place    | Note
-------+----------+-------------------------------------------
     0 | D:1      | Sharkman1231 the Naga Venom Mage began the quest for the
                  | Orb.
     0 | D:1      | Reached XP level 1. HP: 15/15 MP: 3/3
   523 | D:1      | Reached XP level 2. HP: 22/22 MP: 3/5
   761 | D:1      | Reached skill level 1 in Unarmed Combat
   950 | D:1      | Found a faded altar of an unknown god.
  1150 | D:2      | Noticed Natasha
  1153 | D:2      | Noticed a crimson imp
  1157 | D:1      | Killed Natasha
  1158 | D:1      | Reached XP level 3. HP: 19/28 MP: 3/6
  1320 | D:1      | Noticed Natasha
  1325 | D:1      | Killed Natasha
  1326 | D:1      | Reached skill level 5 in Poison Magic
  1326 | D:1      | Reached XP level 4. HP: 22/36 MP: 3/7
  1354 | D:1      | Noticed Natasha
  1374 | D:1      | Slain by Natasha

Illustrated notes

Levels and vault maps discovered:
D:1:      psy_arrival_heroes, layout_rooms, basic_ecumenical_altar
D:2:      layout_rooms, serial_bayou_ford_a, item_on_display_a, uniq_jessica,
          uniq_natasha

Skill      XL: |  1  2  3 |
---------------+----------+-----
Unarmed Combat | 1 |  1.9
Transmutations | 2 |  2.3
Poison Magic   | 5 |  5.0
Dodging        | |  1.5
Stealth        | |  3.0
Spellcasting   | |  2.0

Action                   |  1- 3 |  4- 6 || total
-------------------------+-------+-------++-------
Melee: Unarmed           |    11 |       ||    11
       Dagger            |    28 |       ||    28
 Cast: Sting             |    11 |     3 ||    14
 Abil: Spit Poison       |     4 |     2 ||     6
  Use: Potion            |       |     1 ||     1
Armor: Robe              |     7 |       ||     7
Dodge: Dodged            |    16 |     3 ||    19
